cohdb
Replays
Latest Replays
All Replays
Popular Replays
Top Player Replays
Match Explorer
How It Works
Community
CoH3 Stats
Reddit
Sign in to upload your games and track your stats! →
Sign in with Steam
Match 47400743
Unlisted
Match 47400743
Overview
Messages
Build Orders
End
Vickers Machine Gun Team
Construct Section Command Post
Selects Canadian Shock Battlegroup
Dingo Light Scout Car
Infantry Section
Infantry Section
Infantry Section
Construct Platoon Command Post
6-pounder Anti-tank Gun Team
Selects Attacking Spirit
Grenade Package
Construct Company Command Post
Selects Incendiary Munitions
Selects Pyrotechnics
Crusader II Medium Tank
Crusader II Medium Tank
Royal Engineer Section
Crusader II Medium Tank
Crusader II Medium Tank
Crusader II Medium Tank
Hunter
SNIPER
el campo
MaXiS
0
0
Comments
sign in to comment!
No comments posted yet!